 Dungeon Crawl Stone Soup version 0.22.1-1-ga44c0e5 (webtiles) character file.

65 Zebedee the Grave Robber (level 3, -4/25 HPs)
             Began as a Mummy Necromancer on Oct 8, 2018.
             Slain by an iguana (9 damage)
             ... on level 3 of the Dungeon.
             The game lasted 00:05:59 (1562 turns).

Zebedee the Grave Robber (Mummy Necromancer)        Turns: 1562, Time: 00:06:00

Health: -4/25      AC:  5    Str: 12    XL:     3   Next: 94%
Magic:  1/8        EV: 12    Int: 14    God:
Gold:   140        SH:  0    Dex: 12    Spells: 5/10 levels left

rFire    x . .     SeeInvis .   b - +0 spear
rCold    + . .     Gourm    .   (no shield)
rNeg     + + +     Faith    .   a - +0 robe
rPois    ∞         Spirit   .   (no helmet)
rElec    .         Reflect  .   (no cloak)
rCorr    .         Harm     .   g - +1 pair of gloves
MR       .....                  e - +0 pair of boots
Stlth    ++........             (no amulet)
HPRegen  0.08/turn              (no ring)
MPRegen  0.11/turn              (no ring)

@: no status effects
A: no food or potions, fire vulnerability, cold resistance 1, negative energy
resistance 3, torment resistance, unbreathing
a: no special abilities


You were on level 3 of the Dungeon.
You were not hungry.

You visited 1 branch of the dungeon, and saw 3 of its levels.

You collected 140 gold pieces.

Inventory:

Hand Weapons
 b - a +0 spear (weapon)
Armour
 a - a +0 robe (worn)
 e - a +0 pair of boots (worn)
 g - a +1 pair of gloves (worn)
Jewellery
 d - a cursed amulet of guardian spirit {unknown}
Scrolls
 c - 3 scrolls of teleportation {unknown}
 f - a scroll of remove curse {unknown}
 h - 2 scrolls of amnesia {unknown}
 i - 2 scrolls of identify {unknown}
 j - a scroll of immolation {unknown}


   Skills:
 + Level 0.6 Fighting
 + Level 0.8 Polearms
 + Level 1.6 Dodging
 - Level 1.5 Stealth
 + Level 4.0 Spellcasting
 + Level 4.5 Necromancy


You had 5 spell levels left.
You knew the following spells:

 Your Spells              Type           Power        Failure   Level  Hunger
a - Pain                  Necr           ###.         3%          1    N/A
b - Animate Skeleton      Necr           N/A          3%          1    N/A
c - Vampiric Draining     Necr           ###.......   9%          3    N/A

Your spell library contained the following spells:

 Spells                   Type           Power        Failure   Level  Hunger
 Animate Dead             Necr           N/A          28%         4    N/A
 Regeneration             Chrm/Necr      Unusable     N/A         3    N/A

Dungeon Overview and Level Annotations

Branches:
Dungeon (3/15)

Altars:
Nemelex Xobeh


Innate Abilities, Weirdness & Mutations

You do not eat or drink.
Your flesh is vulnerable to fire.
You are immune to poison.
Your flesh is cold resistant. (rC+)
You are immune to negative energy. (rN+++)
You are immune to unholy pain and torment.
You can survive without breathing.


Message History

Aim: an iguana (moderately wounded, chance to defeat MR: 80%)
The iguana writhes in agony!
Your bat skeleton crumbles into dust!
The iguana bites you.
* * * LOW HITPOINT WARNING * * *
Casting: Pain (safe; 3% risk of failure)
Confirm with . or Enter, or press ? or * to list all spells.
Aiming: Pain (safe; 3% risk of failure)
Press: ? - help, Shift-Dir - straight line, f/p - iguana
Aim: an iguana (heavily wounded, chance to defeat MR: 80%)
The iguana barely resists.
The adder barely misses you.
The iguana bites you but does no damage.
The adder closely misses you.
Casting: Pain (safe; 3% risk of failure)
Confirm with . or Enter, or press ? or * to list all spells.
Aiming: Pain (safe; 3% risk of failure)
Press: ? - help, Shift-Dir - straight line, f/p - iguana
Aim: an iguana (heavily wounded, chance to defeat MR: 80%)
The iguana writhes in agony!
The iguana bites you!
You die...

### #.#.#...... ..#
#%#.##.#### #.# #.#.##.#
### #.# #.#.##.# #...
#.# #.#.##.# # .... #.#
#......# ##
#..#####.######...####.
#..Z................'>
#.#...#@########...####.
#.?..lS.# #..## ##
.....##.K.# #.## # #..
##..# #.# # #.## #.# #.#
###.# ..# #...# ###
#.### #.#


You could see an iguana, an adder, a kobold and a friendly rat skeleton.

Vanquished Creatures
  2 adders (D:2)
  4 dart slugs
  2 leopard geckos (D:1)
  A giant cockroach (D:1)
  3 hobgoblins
  5 kobolds
  A ball python (D:2)
  7 bats
  3 frilled lizards (D:1)
  5 goblins
  4 rats
37 creatures vanquished.

Vanquished Creatures (collateral kills)
  A giant cockroach (D:2)
  A hobgoblin (D:1)
  A rat (D:1)
3 creatures vanquished.

Grand Total: 40 creatures vanquished

Notes
Turn   | Place    | Note
-------+----------+-------------------------------------------
     0 | D:1      | Zebedee the Mummy Necromancer began the quest for the Orb.
     0 | D:1      | Reached XP level 1. HP: 13/13 MP: 4/4
     2 | D:1      | Learned a level 1 spell: Animate Skeleton
   164 | D:1      | Reached XP level 2. HP: 18/19 MP: 1/6
   663 | D:1      | Reached XP level 3. HP: 25/25 MP: 5/7
   890 | D:2      | Learned a level 3 spell: Vampiric Draining
  1200 | D:2      | Found a sparkling altar of Nemelex Xobeh.
  1562 | D:3      | Slain by an iguana

Skill      XL: |  1  2  3 |
---------------+----------+-----
Spellcasting   | 3 4 |  4.0
Fighting       | |  0.6
Polearms       | |  0.8
Dodging        | |  1.6
Stealth        | |  1.5
Necromancy     | |  4.5

Action                   || total
-------------------------++-------
Melee: Spear             ||    81
       Unarmed           ||     1
 Cast: Pain              ||    41
       Animate Skeleton  ||    16
       Vampiric Draining ||     2
 Stab: Sleeping          ||     2
Armor: Robe              ||    12
Dodge: Dodged            ||    52
